 Dungeon Crawl Stone Soup version 0.30-a0-634-g8abc85282e (webtiles) character file.

Game seed: 14204024866689632874

97247 kae the Transmogrifier (level 15, -2/133 (138) HPs)
             Began as a Demonspawn Transmuter on Jan 14, 2023.
             Was a Priest of Ru.
             Killed from afar by a golden dragon (57 damage)
             ... with a bolt of fire
             ... in an ice cave on Jan 15, 2023.
             The game lasted 00:34:59 (27102 turns).

kae the Transmogrifier (Demonspawn Transmuter)     Turns: 27102, Time: 00:35:00

HP:   -2/133 (138)  AC: 18    Str: 14    XL:     15   Next: 71%
MP:   29/29         EV: 14    Int: 17    God:    Ru [***...]
Gold: 3996          SH:  5    Dex: 15    Spells: 24/34 levels left

rFire   x . .      SeeInvis .      - Unarmed
rCold   + + +      Faith    .    (shield currently unavailable)
rNeg    . . .      Spirit   .    (body armour currently unavailable)
rPois   +          Reflect  +    (helmet currently unavailable)
rElec   .          Harm     .    (cloak currently unavailable)
rCorr   .          Rampage  .    (gloves unavailable)
Will    +....                    (boots currently unavailable) Stlth
                                 J - amulet "Aggogg" {Reflect rPois SH+5}
HPRegen 0.42/turn                o - +4 ring of protection
MPRegen 0.21/turn                O - +4 ring of protection

@: mighty, exhausted, ice-form, wereblooded, studying Fire Magic, lightly
drained
A: freezing attack, amphibious, boosted hp, large, (claws 3), powered by death
3, powered by pain 2, no stealth, hated by all, inability to train armour,
(sanguine armour 3)
a: End Transformation, Renounce Religion, Draw Out Power


You were in an ice cave.
You worshipped Ru.
Ru was most pleased with you.
You were a creature of crystalline ice.
You visited 4 branches of the dungeon, and saw 22 of its levels.
You visited 1 bazaar.
You also visited: Ice Cave and Volcano.

You collected 4115 gold pieces.
You spent 119 gold pieces at shops.


Innate Abilities, Weirdness & Mutations

You are a creature of crystalline ice.
You have a powerful freezing melee attack.
You are amphibious.
Your maximum health is increased.
Your armour is entirely melded.
You are incapable of wielding weapons or throwing items.
((You have claws for hands.))
You regenerate a lot of health from kills.
You sometimes gain power by taking damage.
You cannot be stealthy.
You are hated by all.
You cannot train Armour skill.
((When seriously injured, your blood forms very thick armour. (AC +0)))


   Skills:
 + Level 9.9 Fighting
 + Level 9.2 Dodging
 * Level 13.4 Unarmed Combat
 + Level 10.0 Spellcasting
 * Level 13.7 Transmutations
 - Level 10.0 Ice Magic
 - Level 1.7 Poison Magic


You had 24 spell levels left.
You knew the following spells:

 Your Spells              Type           Power      Damage    Failure   Level
a - Beastly Appendage     Tmut           100%       N/A       1%          1
b - Wereblood             Tmut           53%        N/A       1%          2
c - Spider Form           Tmut/Pois      34%        N/A       1%          3
d - Ice Form              Ice/Tmut       49%        N/A       1%          4

Your spell library contained the following spells:

 Spells                   Type           Power      Damage    Failure   Level
 Freeze                   Ice            100%       1d10      1%          1
 Frozen Ramparts          Ice            84%        1d13      1%          3
 Hailstorm                Conj/Ice       25%        3d7       3%          3
 Ignite Poison            Fire/Tmut/Pois 26%        N/A       3%          3
 Alistair's Intoxication  Tmut/Pois      22%        N/A       10%         5
 Blink                    Tloc           16%        N/A       13%         2
 Momentum Strike          Conj/Tloc      16%        3d8       13%         2
 Kindle Blastsparks       Fire/Tloc/Air  16%        2d11      26%         3
 Lesser Beckoning         Tloc           16%        N/A       26%         3
 Eringya's Noxious Bog    Tmut/Pois      17%        N/A       47%         6
 Freezing Cloud           Conj/Ice/Air   9%         6-21      52%         5
 Sticky Flame             Conj/Fire      8%         2d3       63%         4
 Borgnjor's Vile Clutch   Necr/Erth      4%         N/A       93%         5
 Ignition                 Fire           4%         3d4       100%        8

Inventory:

Missiles
 r - 3 boomerangs
 x - 7 stones
 z - 23 poisoned darts
Armour
 a - a +0 robe (melded)
Magical Staves
 B - a staff of cold {!a}
   (You took it off Fannar on level 10 of the Dungeon)
 Q - a staff of poison {!a}
   (You found it on level 1 of the Orcish Mines)
 R - a staff of earth {!a}
   (You found it on level 5 of the Lair of Beasts)
Jewellery
 c - a ring of ice
   (You found it on level 12 of the Dungeon)
 f - a ring of fire
   (You found it on level 1 of the Orcish Mines)
 g - an amulet of regeneration
   (You found it on level 5 of the Lair of Beasts)
 o - a +4 ring of protection (left front paw)
   (You found it on level 4 of the Lair of Beasts)
 t - a ring of willpower
   (You found it on level 12 of the Dungeon)
 v - a ring of see invisible
   (You found it on level 4 of the Dungeon)
 w - a ring of magical power
   (You found it on level 4 of the Lair of Beasts)
 C - a ring of ice
   (You found it on level 2 of the Lair of Beasts)
 F - a ring of fire
   (You found it on level 5 of the Dungeon)
 G - an amulet of guardian spirit
   (You took it off an orc on level 7 of the Dungeon)
 J - the amulet "Aggogg" (around neck) {Reflect rPois SH+5}
   (You found it on level 1 of the Orcish Mines)

   [amulet of reflection]

   It reflects blocked missile attacks.
   rPois:     It protects you from poison.
   SH:        It affects your SH (+5).
 L - a ring of flight
   (You found it on level 2 of the Lair of Beasts)
 O - a +4 ring of protection (right front paw)
   (You found it on level 7 of the Dungeon)
 T - an amulet of faith {!P}
   (You found it on level 7 of the Dungeon)
 W - a ring of magical power
   (You found it on level 10 of the Dungeon)
 Y - an amulet of magic regeneration
   (You found it on level 1 of the Orcish Mines)
Wands
 k - a wand of iceblast (12)
   (You found it on level 7 of the Dungeon)
 l - a wand of flame (5)
   (You took it off Natasha on level 2 of the Dungeon)
 u - a wand of acid (1)
   (You found it on level 8 of the Dungeon)
 P - a wand of mindburst (11)
   (You found it on level 4 of the Lair of Beasts)
Scrolls
 b - 4 scrolls of enchant armour
 e - 4 scrolls of silence {!r}
 j - a scroll of poison {!r}
 p - 7 scrolls of identify {@r1}
 q - 6 scrolls of teleportation {@r4}
 y - a scroll of fear
 A - a scroll of immolation {!r!r}
 D - a scroll of fog
 E - 3 scrolls of vulnerability {!r!r}
 K - a scroll of torment {!r}
 S - 2 scrolls of enchant weapon
 Z - 2 scrolls of magic mapping {!r}
Potions
 d - 2 potions of lignification {!q}
 h - a potion of resistance
 i - 4 potions of might
 m - 5 potions of attraction {!q}
 n - 2 potions of magic
 s - a potion of mutation {!q}
 H - 2 potions of cancellation
 I - 2 potions of flight
 M - 6 potions of curing {@q1}
 N - 7 potions of brilliance
 U - 2 potions of haste {@q3}
 X - a potion of heal wounds {@q2}
Miscellaneous
 V - a lightning rod (4/4)
   (You found it on level 11 of the Dungeon)

Dungeon Overview and Level Annotations

Branches:
Dungeon (14/15) Zot: 26720  Temple (1/1) D:7 Zot: 5800    Lair (5/5) D:10 Zot: 21028
 Shoals (0/4) Lair:2       Spider (0/4) Lair:2        Slime (0/5) Lair:4
    Orc (2/2) D:11 Zot: 9633     Elf (0/3) Orc:2        Vaults (0/5) D:13
  IceCv (1/1) Zot: 5689   Volcano (visited)

Altars:
Ashenzari
Cheibriados
Dithmenos
Gozag
Kikubaaqudgha
Makhleb
Nemelex Xobeh
Okawaru
Qazlal
Ru
Sif Muna
Trog
Uskayaw
Vehumet
Wu Jian
Xom

Shops:
D:4 =   D:7 ((   D:14 **   Orc:2 [!(

Portals:
Abyss: D:3

Annotations:
D:3 2 transporters, funkygono's ghost, amateur DsFE
Lair:5 exclusion: door ######## #.D....#### .....#..Z...## .DD

##.##...# D
###D.#####
#.##Y..#
#ZDDD#.##
##.###..##
###
##.°####
##.°..####
##......###
######...##
####
###..##
#..########
### ##..##


You could see a golden dragon (catching breath), 2 ice dragons and a golden
dragon simulacrum.


Message History

You are too injured to fight recklessly!
You are too injured to fight recklessly!
The storm dragon simulacrum attacks as you move away!
You block the storm dragon simulacrum's attack.
The storm dragon simulacrum claws you.
The storm dragon simulacrum freezes you.
You resist.
The storm dragon simulacrum barely misses you. 😮 HP[-4]
You take 4 damage, and now have 84/138 hp.
Unknown command.
You barely miss the ice dragon.
You redirect the ice dragon's attack!
The ice dragon breathes frost at the storm dragon simulacrum.
The blast of cold hits the storm dragon simulacrum.
The storm dragon simulacrum completely resists.
The storm dragon simulacrum bites you!
The storm dragon simulacrum freezes you.
You resist.
* * * LOW HITPOINT WARNING * * *
The storm dragon simulacrum misses you.
The storm dragon simulacrum barely misses you. 😨 HP[-16]
You take 16 damage, and now have 68/138 hp.
Unknown command.
You pummel the ice dragon!!
You freeze the ice dragon. 😨 HP[+1] Unknown command.
You punch the ice dragon! You freeze the ice dragon.
The ice dragon breathes frost at you. The blast of cold misses you.
The storm dragon simulacrum misses you. The storm dragon simulacrum claws you.
* * * LOW HITPOINT WARNING * * *
The storm dragon simulacrum freezes you.
You resist.
* * * LOW HITPOINT WARNING * * *
The storm dragon simulacrum tramples you but does no damage. 😨 HP[-9] MP[+1]
You take 9 damage, and now have 60/138 hp.
You are restored by drawing out deep reserves of power within.
You feel drained.
The ice dragon bites you but does no damage.
The ice dragon claws you but does no damage.
The ice dragon barely misses you.
You block the storm dragon simulacrum's attack. x2
The storm dragon simulacrum tramples you.
You stumble backwards! 😮 HP[+17] MP[+2]
You now have 132 max hp (-6).
You regained 17 hp, and now have 77/132 hp.
Your mp is fully restored (29).
You hit the storm dragon simulacrum.
The storm dragon simulacrum barely misses you.
The storm dragon simulacrum closely misses you.
The storm dragon simulacrum tramples you but does no damage. 😮 HP[+1] Unknown command.
You punch the storm dragon simulacrum!
You feel a bit better. 😮 HP[+4]
You now have 133 max hp (+1).
You regained 4 hp, and now have 82/133 hp.
Really walk into that cloud of freezing vapour?
Okay, then. 😮 HP[+1]
You feel very mighty all of a sudden.
The golden dragon breathes poison at you.
The blast of poison engulfs you. You resist.
The ice dragon begins to attack, but is stunned by your conviction! 😮 HP[-2]
You take 2 damage, and now have 81/133 hp.
You hit the golden dragon but do no damage.
You hit the golden dragon but do no damage. 😮 HP[+1]
You redirect the ice dragon's attack!
The ice dragon bites the ice dragon but does no damage.
The ice dragon claws the ice dragon.
The ice dragon tramples the ice dragon.
The ice dragon holds its ground!
The golden dragon closely misses you.
The golden dragon claws you but does no damage.
You block the golden dragon's attack. You block the golden dragon's attack.
The golden dragon barely misses you. The golden dragon tramples you.
You hold your ground! 😮 HP[-1]
You take 1 damage, and now have 81/133 hp.
You barely miss the golden dragon.
The ice dragon bites you but does no damage.
The ice dragon claws you. The ice dragon tramples you!
You hold your ground!
The golden dragon bites you but does no damage.
The golden dragon claws you but does no damage.
The golden dragon tramples you!
* * * LOW HITPOINT WARNING * * *
You hold your ground! 😨 HP[-24]
You take 24 damage, and now have 57/133 hp.
You hit the golden dragon. The ice dragon completely misses you.
You block the ice dragon's attack. The ice dragon tramples you.
* * * LOW HITPOINT WARNING * * *
You hold your ground!
The golden dragon breathes fire at you. The bolt of fire hits you!!!
The fire burns you terribly!
You die...

Skill      XL: |  1  2  3  4  5  6  7  8  9 10 11 12 13 14 15 |
---------------+----------------------------------------------+-----
Transmutations | 2 3 4 5 6 7 8 9 10 11 12 13 | 13.7
Unarmed Combat | 3 4 5 6 7 8 10 11 12 13 | 13.4
Poison Magic   | 1 |  1.7
Spellcasting   | 3 4 5 6 7 8 9 10 | 10.0
Ice Magic      | 2 3 4 5 7 8 9 10 | 10.0
Dodging        | 2 3 4 5 6 7 8 9 |  9.2
Fighting       | 2 3 4 5 6 7 9 |  9.9

Action                   |  1- 3 |  4- 6 |  7- 9 | 10-12 | 13-15 || total
-------------------------+-------+-------+-------+-------+-------++-------
Melee: Unarmed           |    67 |    93 |   315 |   593 |  1337 ||  2405
       Kick              |     5 |     4 |       |     6 |    41 ||    56
       Headbutt          |     5 |     3 |       |     4 |    24 ||    36
       Punch             |       |       |     1 |     1 |    19 ||    21
 Cast: Beastly Appendage |    14 |     8 |     1 |    11 |    13 ||    47
       Spider Form       |     2 |    15 |    19 |       |     1 ||    37
       Wereblood         |       |     1 |    13 |    15 |    54 ||    83
       Ice Form          |       |       |    17 |    56 |    73 ||   146
Invok: Sacrifice Love    |       |       |       |     1 |       ||     1
       Draw Out Power    |       |       |       |     2 |     6 ||     8
       Sacrifice Durabil |       |       |       |     1 |       ||     1
       Reject Sacrifices |       |       |       |     1 |     1 ||     2
       Sacrifice Stealth |       |       |       |       |     1 ||     1
 Abil: End Transformatio |       |       |     1 |     1 |       ||     2
Evoke: Wand              |       |       |       |     6 |     2 ||     8
       Lightning rod     |       |       |       |       |     4 ||     4
  Use: Potion            |     2 |       |     3 |     4 |     5 ||    14
       Scroll            |     5 |     5 |     6 |    12 |     3 ||    31
 Stab: Invisible         |       |       |       |     2 |    16 ||    18
       Distracted        |       |       |       |     1 |     3 ||     4
       Paralysed         |       |       |       |       |     5 ||     5
Armor: Robe              |     9 |     7 |     1 |    12 |    37 ||    66
       Skin              |     3 |     1 |   115 |   247 |   524 ||   890
Dodge: Dodged            |    45 |    63 |   185 |   334 |   964 ||  1591
Block: Other             |       |       |       |       |   111 ||   111
       Reflection        |       |       |       |       |     2 ||     2

Levels and vault maps discovered:
D:1:      dpeg_arrival_signposts, layout_basic, serial_park_tiny_2
D:2:      layout_loops_ring, nrook_campfire, chequers_jeans, uniq_natasha,
          uniq_sigmund, uniq_terence, uniq_jessica
D:3:      layout_basic, gammafunk_temple_overflow_statue,
          gammafunk_ghost_abyssal_escape
D:4:      layout_basic, lemuel_coloured_pillars_altar, serial_shops, shop
D:5:      layout_layer_cave
D:6:      layout_loops_cross, uniq_edmund
D:7:      layout_rooms, mainiacjoe_overflow_small_starburst,
          minmay_temple_entry_arrows, serial_shops, nicolae_shop_hallway_stairs,
          shop, shop, kennysheep_generic_room_14
D:8:      layout_loops_ring, hex_tiny, nicolae_looking_at_the_future,
          uniq_prince_ribbit1
D:9:      layout_long_grid, mainiacjoe_overflow_large_starburst,
          minmay_liquid_box
D:10:     layout_big_octagon, due_lair_maze_entry_diamond, uniq_fannar
D:11:     layout_rooms, david_orc_5, dreamdust_mushroom_princess, minivault_5,
          uniq_josephine
D:12:     layout_cave_pods
D:13:     layout_roguey, david_vaults_5
D:14:     layout_roguey, serial_shops, bzr_in_the_mist, nicolae_lakefront_shop,
          nicolae_shop_advertising_works [nicolae_subvault_shop_adworks],
          portal_ice_cave_entry_pillars_three, dreamdust_wishing_well,
          uniq_frances
Temple:   regret_index_temple_sphere_string
Lair:1:   layout_loops_ring, grunt_megastairs_1, infiniplex_staircase_pool_2
Lair:2:   layout_long_grid, minmay_shoals_entry_centaurs, spider_nest_entry_a,
          nicolae_volcano_entry_s_turn, uniq_urug, uniq_maggie
Lair:3:   layout_small_grid, kennysheep_basilisk_garden, grunt_megastairs_5,
          lemuel_fruit_fields, serial_bayou_shore_a
Lair:4:   layout_layer_cave, dpeg_slime_entry_enclosed, minmay_lindwurm_lava,
          lemuel_fruit_fields
Lair:5:   minmay_lair_end_frog_pond, layout_cave_shapes,
          nicolae_lair_lakeside_cave, serial_bayou_shore_b
Orc:1:    layout_diamond_mine, roderic_batcave, minmay_orc_treasury
Orc:2:    hellmonk_orc_salted, layout_caves
IceCv:    ice_cave_small_dragons

Notes
Turn   | Place    | Note
-------+----------+-------------------------------------------
     0 | D:1      | kae the Demonspawn Transmuter began the quest for the Orb.
     0 | D:1      | Reached XP level 1. HP: 15/15 MP: 3/3
     0 | D:1      | magus.rc [v1.11.3]
   136 | D:1      | Reached skill level 2 in Transmutations
   136 | D:1      | Gained mutation: You sometimes gain a little power by
                  | taking damage. [demonic ancestry]
   136 | D:1      | Reached XP level 2. HP: 21/21 MP: 3/5
   407 | D:1      | Reached skill level 3 in Unarmed Combat
   731 | D:1      | Gained mutation: When seriously injured, your blood forms
                  | armour. (AC +0) [demonic ancestry]
   731 | D:1      | Reached XP level 3. HP: 23/26 MP: 4/6
   734 | D:1      | Learned a level 2 spell: Wereblood
   845 | D:2      | Learned a level 3 spell: Spider Form
   953 | D:2      | Noticed Natasha
   962 | D:2      | Killed Natasha
   963 | D:2      | Reached skill level 1 in Poison Magic
  1138 | D:2      | You add the spells Kindle Blastsparks, Ignite Poison and
                  | Freezing Cloud to your library.
  1162 | D:2      | You pick up a book of Spatial Translocations and begin
                  | reading...
  1162 | D:2      | You add the spells Blink, Momentum Strike and Lesser
                  | Beckoning to your library.
  1216 | D:2      | Noticed Sigmund
  1228 | D:2      | HP: 4/26 [Sigmund/+0 scythe (10)]
  1231 | D:2      | Killed Sigmund
  1232 | D:2      | Reached skill level 3 in Spellcasting
  1232 | D:2      | Reached skill level 3 in Transmutations
  1232 | D:2      | Gained mutation: You have sharp fingernails. [demonic
                  | ancestry]
  1232 | D:2      | Reached XP level 4. HP: 5/32 MP: 4/8
  1232 | D:2      | Gained mutation: You have very sharp fingernails. [demonic
                  | ancestry]
  1232 | D:2      | Reached XP level 5. HP: 6/37 MP: 4/9
  1233 | D:2      | HP: 5/37 [ball python (1)]
  1373 | D:2      | Learned a level 4 spell: Ice Form
  1506 | D:2      | Noticed Natasha
  1524 | D:2      | Noticed Terence
  1529 | D:2      | Killed Natasha
  1535 | D:2      | Killed Terence
  1536 | D:2      | Reached skill level 4 in Transmutations
  1536 | D:2      | Reached XP level 6. HP: 37/43 MP: 7/10
  1608 | D:2      | Noticed Natasha
  1617 | D:2      | Killed Natasha
  1646 | D:2      | Noticed Jessica
  1650 | D:2      | Killed Jessica
  1651 | D:2      | Reached skill level 1 in Ice Magic
  1952 | D:3      | Found a shimmering altar of Xom.
  2012 | D:3      | Found a transporter.
  2051 | D:3      | HP: 10/43 [poisoned by an adder]
  2208 | D:3      | HP: 10/43 [iguana (14)]
  2558 | D:3      | Found a transporter.
  2584 | D:3      | Found a one-way gate to the infinite horrors of the Abyss.
  2584 | D:3      | Noticed funkygono's ghost (amateur DsFE)
  2974 | D:4      | Found Rothraagy's Jewellery Shop.
  3134 | D:4      | Reached skill level 2 in Ice Magic
  3358 | D:4      | Reached skill level 4 in Unarmed Combat
  3358 | D:4      | Gained mutation: You regenerate a little health from kills.
                  | [demonic ancestry]
  3358 | D:4      | Reached XP level 7. HP: 15/48 MP: 8/12
  3804 | D:4      | Found a bloodstained altar of Trog.
  4069 | D:5      | Entered Level 5 of the Dungeon
  4135 | D:5      | HP: 13/55 [gnoll/+0 flail (12)]
  4374 | D:5      | You add the spells Sticky Flame and Ignition to your
                  | library.
  4448 | D:5      | Reached skill level 5 in Transmutations
  4450 | D:5      | Reached skill level 4 in Spellcasting
  4450 | D:5      | Reached skill level 3 in Ice Magic
  4860 | D:5      | Reached XP level 8. HP: 54/54 MP: 5/14
  5185 | D:5      | Identified a scroll of acquirement
  5185 | D:5      | Acquired 971 gold pieces
  5372 | D:6      | Reached skill level 4 in Ice Magic
  5382 | D:6      | Reached skill level 2 in Dodging
  5688 | D:6      | Reached skill level 5 in Unarmed Combat
  5688 | D:6      | Reached skill level 6 in Transmutations
  5880 | D:6      | Noticed Edmund
  5898 | D:6      | Killed Edmund
  6225 | D:7      | Found Asivoeme's Weapon Shoppe.
  6245 | D:7      | Reached skill level 2 in Fighting
  6378 | D:7      | Gained mutation: You regenerate health from kills. [demonic
                  | ancestry]
  6378 | D:7      | Reached XP level 9. HP: 57/61 MP: 13/16
  6517 | D:7      | Found Dyti's Antique Weapon Emporium.
  6563 | D:7      | Found a staircase to the Ecumenical Temple.
  6592 | Temple   | Entered the Ecumenical Temple
  6764 | Temple   | Became a worshipper of Ru the Awakened
  6948 | D:7      | Reached skill level 5 in Ice Magic
  6977 | D:7      | Found a hazy altar of Hepliaklqana.
  7016 | D:7      | Found Tojew's Magic Scroll Shoppe.
  7223 | D:8      | Reached skill level 5 in Spellcasting
  7311 | D:8      | Reached skill level 3 in Dodging
  7321 | D:8      | Reached skill level 6 in Unarmed Combat
  7337 | D:8      | Reached skill level 3 in Fighting
  7416 | D:8      | Reached skill level 7 in Transmutations
  7714 | D:8      | Noticed a queen bee
  7732 | D:8      | Killed a queen bee
  7755 | D:8      | Gained mutation: You have claws for hands. [demonic
                  | ancestry]
  7755 | D:8      | Reached XP level 10. HP: 70/70 MP: 15/18
  7763 | D:8      | Reached skill level 6 in Ice Magic
  7954 | D:8      | Noticed Prince Ribbit
  7987 | D:8      | Killed Prince Ribbit
  8289 | D:9      | Gained mutation: You are hated by all. [Ru sacrifice]
  8289 | D:9      | Reached * piety under Ru
  8289 | D:9      | Reached ** piety under Ru
  8358 | D:9      | Found a hide-covered altar of Uskayaw.
  8647 | D:9      | Noticed a boulder beetle
  8685 | D:9      | Killed a boulder beetle
  8686 | D:9      | Reached skill level 4 in Fighting
  8686 | D:9      | Reached skill level 4 in Dodging
  8686 | D:9      | Reached skill level 7 in Unarmed Combat
  9357 | D:10     | Entered Level 10 of the Dungeon
  9448 | D:10     | Reached skill level 8 in Transmutations
  9459 | D:10     | Noticed a two-headed ogre
  9466 | D:10     | Found a staircase to the Lair.
  9488 | D:10     | Killed a two-headed ogre
  9489 | D:10     | Reached skill level 7 in Ice Magic
  9492 | D:10     | Reached skill level 6 in Spellcasting
  9519 | D:10     | Noticed a gargoyle
  9523 | D:10     | Noticed a two-headed ogre
  9545 | D:10     | HP: 20/87 [two-headed ogre/+0 giant spiked club (15)]
  9548 | D:10     | Killed a two-headed ogre
  9549 | D:10     | Reached XP level 11. HP: 27/78 MP: 5/20
  9552 | D:10     | HP: 20/93 [bullfrog (3)]
  9757 | D:10     | You add the spells Alistair's Intoxication, Borgnjor's Vile
                  | Clutch and Eringya's Noxious Bog to your library.
  9885 | D:10     | Noticed Fannar
  9902 | D:10     | Killed Fannar
  9903 | D:10     | Reached skill level 5 in Fighting
  9903 | D:10     | Reached skill level 8 in Unarmed Combat
 10063 | D:10     | Noticed a centaur warrior
 10083 | D:10     | Killed a centaur warrior
 10430 | Lair:1   | Entered Level 1 of the Lair of Beasts
 10513 | Lair:1   | Reached skill level 5 in Dodging
 10683 | Lair:1   | Reached skill level 9 in Transmutations
 10997 | Lair:1   | Reached skill level 8 in Ice Magic
 11047 | Lair:1   | Noticed a catoblepas
 11063 | Lair:1   | HP: 23/96 [catoblepas (3)]
 11299 | Lair:1   | HP: 18/80 [catoblepas (15)]
 12223 | Lair:2   | Gained mutation: You cannot train Armour skill. [Ru
                  | sacrifice]
 12223 | Lair:2   | Reached *** piety under Ru
 12339 | Lair:2   | Noticed Urug
 12365 | Lair:2   | Killed Urug
 12377 | Lair:2   | Noticed Maggie
 12386 | Lair:2   | Killed Maggie
 12391 | Lair:2   | Found a dark tunnel.
 12461 | Volcano  | Entered a volcano
 12910 | Volcano  | Gained mutation: When seriously injured, your blood forms
                  | thick armour. (AC +0) [demonic ancestry]
 12910 | Volcano  | Reached XP level 12. HP: 66/87 MP: 17/22
 13162 | Volcano  | Found a bloodstained altar of Trog.
 13162 | Volcano  | Noticed a two-headed ogre
 13162 | Volcano  | Noticed an ogre mage
 13162 | Volcano  | Noticed a two-headed ogre
 13162 | Volcano  | Noticed a two-headed ogre
 13172 | Volcano  | HP: 23/104 [two-headed ogre/+1 great mace of flaming (4)]
 13173 | Volcano  | Killed a two-headed ogre
 13174 | Volcano  | Reached skill level 9 in Unarmed Combat
 13179 | Volcano  | Killed a two-headed ogre
 13183 | Volcano  | HP: 34/154 [something (5)]
 13186 | Volcano  | Killed an ogre mage
 13187 | Volcano  | Reached skill level 7 in Spellcasting
 13189 | Volcano  | Killed a two-headed ogre
 13190 | Volcano  | Reached skill level 6 in Fighting
 13225 | Volcano  | Noticed a red draconian
 13242 | Volcano  | Killed a red draconian
 13544 | Volcano  | Noticed a two-headed ogre
 13549 | Volcano  | Killed a two-headed ogre
 14123 | Lair:2   | Noticed a five-headed hydra
 14130 | Lair:2   | Reached skill level 9 in Ice Magic
 14137 | Lair:2   | Killed a five-headed hydra
 14138 | Lair:2   | Reached skill level 6 in Dodging
 14138 | Lair:2   | Reached skill level 10 in Transmutations
 14347 | Lair:2   | Found a staircase to the Shoals.
 14998 | Lair:2   | Noticed an eight-headed hydra
 15007 | Lair:2   | Killed an eight-headed hydra
 15118 | Lair:2   | Found a hole to the Spider Nest.
 15714 | Lair:3   | Reached skill level 10 in Unarmed Combat
 15867 | Lair:3   | Gained mutation: When seriously injured, your blood forms
                  | very thick armour. (AC +0) [demonic ancestry]
 15867 | Lair:3   | Reached XP level 13. HP: 49/95 MP: 10/24
 16867 | Lair:4   | Found a staircase to the Slime Pits.
 17916 | Lair:5   | Entered Level 5 of the Lair of Beasts
 17935 | Lair:5   | Reached skill level 7 in Fighting
 17958 | Lair:5   | Reached skill level 10 in Ice Magic
 18166 | Lair:5   | Reached skill level 11 in Transmutations
 18185 | Lair:5   | Reached skill level 8 in Spellcasting
 18189 | Lair:5   | HP: 20/115 [acid (9)]
 18193 | Lair:5   | HP: 1/109 [blink frog (10)]
 18674 | Lair:5   | Reached skill level 7 in Dodging
 18709 | Lair:4   | HP: 23/115 [death yak (8)]
 18930 | Lair:4   | HP: 19/109 [death yak (12)]
 18935 | Lair:4   | Reached skill level 11 in Unarmed Combat
 18940 | Lair:4   | HP: 19/116 [blink frog (4)]
 19915 | Lair:5   | Gained mutation: You regenerate a lot of health from kills.
                  | [demonic ancestry]
 19915 | Lair:5   | Reached XP level 14. HP: 88/104 MP: 12/26
 20109 | Lair:5   | Reached skill level 8 in Fighting
 20744 | Lair:5   | Reached skill level 12 in Transmutations
 21156 | D:11     | Identified the +2 ring mail of Infinity {Will+}
 21266 | D:11     | Noticed Josephine
 21277 | D:11     | Killed Josephine
 21589 | D:11     | Found a staircase to the Orcish Mines.
 21912 | Orc:1    | Entered Level 1 of the Orcish Mines
 22181 | Orc:1    | Reached skill level 9 in Spellcasting
 22188 | Orc:1    | Noticed an orc warlord
 22212 | Orc:1    | Killed an orc warlord
 22213 | Orc:1    | Reached skill level 8 in Dodging
 22214 | Orc:1    | Reached skill level 12 in Unarmed Combat
 22285 | Orc:1    | Noticed an orc warlord
 22311 | Orc:1    | Killed an orc warlord
 22472 | Orc:1    | Identified the +7 morningstar of Blind Justice {elec,
                  | rElec}
 22954 | Orc:1    | Identified the amulet "Aggogg" {Reflect rPois SH+5}
 23023 | Orc:2    | Entered Level 2 of the Orcish Mines
 23039 | Orc:2    | Noticed an orc warlord
 23060 | Orc:1    | Killed an orc warlord
 23150 | Orc:2    | Found a staircase to the Elven Halls.
 23335 | Orc:2    | Reached skill level 9 in Fighting
 23368 | Orc:2    | HP: 21/122 [orc knight/+0 glaive (17)]
 23376 | Orc:2    | Gained mutation: You cannot be stealthy. [Ru sacrifice]
 23424 | Orc:2    | Gained mutation: You sometimes gain power by taking damage.
                  | [demonic ancestry]
 23424 | Orc:2    | Reached XP level 15. HP: 113/113 MP: 23/28
 23483 | Orc:2    | Found Kebeoc Meto's Distillery.
 23500 | Orc:2    | Reached skill level 13 in Transmutations
 23515 | Orc:2    | Found Hiestrey's Antique Weapon Shoppe.
 23524 | Orc:2    | Bought a potion of mutation for 96 gold pieces
 23542 | Orc:2    | Found Bemutz's Antique Armour Shop.
 24050 | Orc:2    | Found Ighietru's Armour Shoppe.
 25747 | D:13     | Identified the +9 long sword "Jippiaff" {antimagic, rElec
                  | Str+4}
 25829 | D:13     | You pick up a book of Frost and begin reading...
 25829 | D:13     | You add the spells Freeze, Frozen Ramparts and Hailstorm to
                  | your library.
 25867 | D:13     | Reached skill level 13 in Unarmed Combat
 25890 | D:13     | Found a gate to the Vaults.
 25982 | D:13     | Reached skill level 9 in Dodging
 26473 | D:14     | Found Araratro's Assorted Antiques.
 26483 | D:14     | Bought a scroll labelled CIYWNE VEVUT for 23 gold pieces
 26560 | D:14     | Found Viwner's General Store.
 26636 | D:14     | Found a flickering gateway to a bazaar.
 26641 | Bazaar   | Entered a bazaar
 26641 | Bazaar   | Found Silimueq's Distillery.
 26641 | Bazaar   | Found Lavuw's Weapon Shoppe.
 26641 | Bazaar   | Found Metha's Jewellery Emporium.
 26641 | Bazaar   | Found Onwatiu's Assorted Antiques.
 26760 | D:14     | Found a frozen archway.
 26769 | IceCv    | Entered an ice cave
 26842 | IceCv    | Reached skill level 10 in Spellcasting
 27069 | IceCv    | Noticed a golden dragon
 27102 | IceCv    | Killed from afar by a golden dragon

Vanquished Creatures
  3 orc warlords (Orc:1)
  A red draconian (Volcano)
  Josephine (D:11)
  3 ice dragons (IceCv)
  4 hydras
  A vault guard (D:13)
  Fannar (D:10)
  A centaur warrior (D:10)
  2 ogre magi
  17 two-headed ogres
  2 boulder beetles
  6 death yaks
  Urug (Lair:2)
  3 orc high priests
  A skeletal warrior (D:13)
  2 goliath frogs (Lair:5)
  A wizard (D:14)
  2 lindwurms (Lair:5)
  An orange crystal statue (IceCv)
  A deep elf pyromancer (D:13)
  An ugly thing (D:13)
  11 orc knights
  9 cyclopes
  4 orc sorcerers
  A manticore (D:12)
  5 black mambas
  11 elephants
  4 slime creatures (D:14)
  A torpor snail (Lair:5)
  4 gargoyles
  2 molten gargoyles (Volcano)
  17 cane toads
  4 storm dragon simulacra (IceCv)
  2 unseen horrors
  A kobold demonologist (D:12)
  7 komodo dragons
  Maggie (Lair:2)
  2 rime drakes
  A tengu conjurer (D:13)
  2 golden dragon simulacra (IceCv)
  2 polar bears
  13 trolls
  2 tyrant leeches (Lair:5)
  A queen bee (D:8)
  4 hornets
  A wolf spider simulacrum (D:14)
  Prince Ribbit (D:8)
  10 saltlings (Orc:2)
  Sigmund (D:2)
  17 blink frogs
  2 jumping spiders (Lair:2)
  A shadow (D:9)
  3 wraiths (D:11)
  3 wyverns
  2 vampires
  2 fire bats (Volcano)
  46 yaks
  8 basilisks
  2 redbacks (Lair:2)
  20 vampire mosquitoes
  Edmund (D:6)
  A steam dragon (Lair:5)
  6 wargs
  4 acid dragons
  12 water moccasins
  35 orc warriors
  A sky beast (D:6)
  4 ice beasts
  2 black bears (D:10)
  13 ogres
  5 ice dragon simulacra (IceCv)
  15 wolves
  9 centaurs
  4 kobold brigands
  A necrophage (D:4)
  18 bullfrogs
  A gnoll sergeant (D:6)
  6 scorpions
  10 wights (D:8)
  8 lindwurm simulacra (IceCv)
  14 killer bees (D:8)
  An electric eel (Lair:5)
  7 lava snakes (Volcano)
  2 howler monkeys
  2 hounds
  4 jellies
  22 orc priests
  Jessica (D:2)
  An iguana (D:3)
  Terence (D:2)
  Natasha (thrice) (D:2)
  21 orc wizards
  A hell rat (Lair:5)
  5 adders
  9 gnolls
  3 white imps
  An ufetubus (D:6)
  2 worms
  A dart slug (D:3)
  98 orcs
  6 ball pythons
  4 endoplasms
  5 giant cockroaches
  5 hobgoblins
  A quokka (D:4)
  15 bats
  9 goblins
  13 kobolds
  2 rats (D:1)
  A butterfly (Lair:4)
701 creatures vanquished.

Vanquished Creatures (others)
  A death yak (Lair:4)
  A tengu conjurer (D:13)
  A yak (Lair:2)
  A warg (Orc:1)
  2 orc warriors (Orc:1)
  An orc wizard (Orc:2)
  3 orcs (Orc:1)
  A bush (Lair:2)
  57 fungi
  111 plants
179 creatures vanquished.

Grand Total: 880 creatures vanquished

Table legend:
 A = Non-vault XP
 B = Vault XP
 C = Vault XP percentage of total XP
 D = Non-vault monster count
 E = Vault monster count
 F = Vault count percentage of total count
                 A         B        C        D         E       F
            +---------+---------+-------+---------+---------+-------
      Total |   73483 |   65442 |  47.1 |     450 |     254 |  36.1
            +---------+---------+-------+---------+---------+-------
        D:1 |      42 |       0 |   0.0 |      19 |       0 |   0.0
        D:2 |      96 |     347 |  78.3 |       9 |       4 |  30.8
        D:3 |      76 |       0 |   0.0 |      15 |       0 |   0.0
        D:4 |     388 |       0 |   0.0 |      23 |       0 |   0.0
        D:5 |     598 |       0 |   0.0 |      15 |       0 |   0.0
        D:6 |     716 |     171 |  19.3 |      14 |       1 |   6.7
        D:7 |     705 |      97 |  12.1 |      25 |       1 |   3.8
        D:8 |    1752 |    1240 |  41.4 |      26 |      13 |  33.3
        D:9 |    2108 |       0 |   0.0 |      17 |       0 |   0.0
       D:10 |    4503 |    2137 |  32.2 |      11 |       9 |  45.0
       D:11 |    2465 |    2244 |  47.7 |      10 |      27 |  73.0
       D:12 |    4902 |       0 |   0.0 |      33 |       0 |   0.0
       D:13 |    9789 |    2896 |  22.8 |      25 |       5 |  16.7
       D:14 |    3564 |       0 |   0.0 |       8 |       0 |   0.0
     Temple |      49 |       0 |   0.0 |       3 |       0 |   0.0
     Lair:1 |    4225 |     236 |   5.3 |      19 |       2 |   9.5
     Lair:2 |    6586 |    2480 |  27.4 |      23 |      10 |  30.3
     Lair:3 |    3862 |    1140 |  22.8 |      12 |       5 |  29.4
     Lair:4 |    9133 |    1060 |  10.4 |      27 |       5 |  15.6
     Lair:5 |   11069 |   12190 |  52.4 |      39 |      40 |  50.6
      Orc:1 |    3442 |   10813 |  75.9 |      35 |      54 |  60.7
      Orc:2 |    3413 |   15276 |  81.7 |      42 |      38 |  47.5
      IceCv |       0 |    6621 | 100.0 |       0 |      23 | 100.0
    Volcano |       0 |    6494 | 100.0 |       0 |      17 | 100.0
            +---------+---------+-------+---------+---------+-------

Illustrated notes

Table legend:
 A = Kills in this place as a percentage of kills in entire the game.
 B = Kills by you in this place as a percentage of kills by you in the entire game.
 C = Kills by friends in this place as a percentage of kills by friends in the entire game.
 D = Other kills in this place as a percentage of other kills in the entire game.
 E = Experience gained in this place as a percentage of experience gained in the entire game.
 F = Experience gained in this place divided by the number of levels of this place that you have seen.
                   A       B       C       D       E      F
               +-------+-------+-------+-------+-------+----------------------
         Total | 100.0 | 100.0 |   N/A | 100.0 | 100.0 | 5557.0
       Dungeon |  44.0 |  44.1 |   N/A |  25.0 |  29.4 | 2916.9
        Temple |   0.4 |   0.4 |   N/A |   0.0 |   0.0 |  49.0
          Lair |  25.9 |  25.7 |   N/A |  50.0 |  37.4 | 10396.2
  Orcish Mines |  24.0 |  24.0 |   N/A |  25.0 |  23.7 | 16472.0
      Ice Cave |   3.3 |   3.3 |   N/A |   0.0 |   4.8 | 6621.0
       Volcano |   2.4 |   2.4 |   N/A |   0.0 |   4.7 | 6494.0
               +-------+-------+-------+-------+-------+----------------------

Table legend: (Time is in decaauts)
 A = Elapsed time spent in this place.
 B = Non-inter-level travel time spent in this place.
 C = Inter-level travel time spent in this place.
 D = Time resting spent in this place.
 E = Time spent auto-exploring this place.
 F = Levels seen in this place.
 G = Mean time per level.
                   A        B        C        D        E       F      G
               +--------+--------+--------+--------+--------+-----+--------+
         Total |  26721 |  25666 |   1055 |   1052 |  19568 |  25 | 1068.8 |
       Dungeon |  13282 |  12679 |    603 |    219 |  10303 |  14 |  948.7 |
        Temple |    199 |    156 |     43 |      0 |    127 |   1 |  199.0 |
          Lair |   8971 |   8728 |    243 |    399 |   6641 |   5 | 1794.2 |
  Orcish Mines |   2366 |   2201 |    165 |     45 |   1513 |   2 | 1183.0 |
        Bazaar |     35 |     35 |      0 |      0 |      0 |   1 |   35.0 |
      Ice Cave |    310 |    310 |      0 |      6 |    151 |   1 |  310.0 |
       Volcano |   1555 |   1555 |      0 |    381 |    832 |   1 | 1555.0 |
               +--------+--------+--------+--------+--------+-----+--------+

Top non-repeatable levels by time:
  Lair:4: 2567 daAuts
  Lair:5: 1964 daAuts
  Lair:1: 1812 daAuts
  Lair:2: 1686 daAuts
 Volcano: 1555 daAuts
     D:4: 1386 daAuts
   Orc:2: 1223 daAuts
   Orc:1: 1142 daAuts
     D:8: 1097 daAuts
    D:10: 1085 daAuts
     D:9: 1072 daAuts
    D:12: 1061 daAuts
     D:3: 1017 daAuts
     D:6: 1009 daAuts
     D:5: 984 daAuts
